 Dungeon Crawl Stone Soup version 0.17.1-1-g73c8601 (webtiles) character file.

81 thelegend the Ruffian (level 4, 40/40 HPs)
             Began as a Minotaur Monk on Apr 15, 2016.
             Starved to death
             ... on level 2 of the Dungeon.
             The game lasted 00:21:23 (2186 turns).

thelegend the Ruffian (Minotaur Monk)               Turns: 2186, Time: 00:21:23

Health: 40/40      AC:  5    Str: 17    XL:     4   Next: 19%
Magic:  3/3        EV: 12    Int:  7    God:
Gold:   31         SH:  0    Dex: 12    Spells: 0 memorised, 3 levels left

rFire  . . .     SeeInvis .     l - -3 spear (curse)
rCold  . . .     Clarity  .     k - +0 ring mail
rNeg   . . .     SustAt   .     (no shield)
rPois  .         Gourm    .     (helmet restricted)
rElec  .         Spirit   .     (no cloak)
rCorr  .         Warding  .     (no gloves)
rMut   .         Stasis   .     (no boots)
MR     .....                    (no amulet)
Stlth  +.........               (no ring)
                                (no ring)

@: fainting, drained, not resistant to hostile enchantments, very unstealthy
A: retaliatory headbutt, horns 2
a: no special abilities


You were on level 2 of the Dungeon.
You were fainting.

You visited 1 branch of the dungeon, and saw 2 of its levels.

You collected 31 gold pieces.

Inventory:

Hand Weapons
 b - a +0 club
 e - a +0 dagger
 l - a cursed -3 spear (weapon)
 m - a +0 hunting sling
 n - a +0 dagger
 q - a +2 short sword of draining
Missiles
 h - 15 bolts
Armour
 g - a cursed -1 chain mail
 j - a +0 scale mail
 k - a +0 ring mail (worn)
Scrolls
 f - a scroll of amnesia
Potions
 c - a potion of resistance {unknown}
 i - a potion of lignification {unknown}
 o - a potion of curing {unknown}


   Skills:
 + Level 4.2(4.1) Fighting
 + Level 1.4(1.3) Polearms
 + Level 1.3(1.2) Armour
 + Level 4.0(3.8) Dodging
 + Level 1.7(1.5) Stealth
 + Level 4.9(4.7) Unarmed Combat


You had 3 spell levels left.
You didn't know any spells.

Dungeon Overview and Level Annotations

Branches:
Dungeon (2/15)

Altars:
Gozag

Shops:
D:2 *


Innate Abilities, Weirdness & Mutations

You reflexively headbutt those who attack you in melee.
You have a pair of horns on your head.


Message History

Things that are here:
a dagger; 2 stones; a kobold corpse The kobold hits you with a short sword.
You closely miss the kobold. The kobold barely misses you.
You furiously retaliate!
You headbutt the kobold.
You kill the kobold!
Your base Dodging skill increases to level 4!
Things that are here:
a short sword; a kobold corpse
Things that are here:
a dagger; 2 stones; a kobold corpse You lose consciousness!
You can move again.
There is an open door here.
There is a stone staircase leading up here.
There is an escape hatch in the floor here.
There is an escape hatch in the floor here.
There is an escape hatch in the floor here.
You have starved to death.
You die...

........##.#.......#.#.##...#,*,,
........##.#..>....#....#...#,,,,
........##.........#........#****
..(.....#####......#.##.#.#.#
........# #....#.#.#.#..#.#.#
######### #.#....#.#.#.##.#.#
≈≈≈≈..# #.#....#.#.#.,..#.#
...≈#,* #,#.##.#,#.######.#
.⌠.≈#,* *,#.##@#,#........#
∩..≈#,* *,#.##.#.##########
.⌠.≈#,* *,#........* ...≈#,*
*,####.#.##*** ≈≈≈≈#,* *,*
#.#..,,,****** #####,* *,*
#.#*#.,,,,,,,*** *,* *,* #.#
*#.*****,,,** *,* *,* #.# *♣♣
**,_,* *,*****,* *,* ***,*


There were no monsters in sight!

Vanquished Creatures
  5 adders (D:2)
  3 giant geckos (D:2)
  2 ball pythons (D:2)
  2 giant cockroaches (D:2)
  5 hobgoblins
  5 jackals
  5 kobolds (D:2)
  4 bats
  A giant newt (D:2)
  2 goblins (D:1)
  2 rats
36 creatures vanquished.

Notes
Turn   | Place    | Note
--------------------------------------------------------------
     0 | D:1      | thelegend the Minotaur Monk began the quest for the Orb.
     0 | D:1      | Reached XP level 1. HP: 19/19 MP: 0/0
   929 | D:1      | Reached XP level 2. HP: 17/27 MP: 1/1
   966 | D:1      | You fall through a shaft!
   966 | D:2      | Found an opulent altar of Gozag.
   966 | D:2      | Found Gozag's Platinum Reserve.
  1313 | D:2      | Reached XP level 3. HP: 14/33 MP: 2/2
  1411 | D:2      | Reached skill level 1 in Polearms
  1411 | D:2      | Reached skill level 1 in Armour
  1656 | D:2      | Reached XP level 4. HP: 40/40 MP: 3/3
  2186 | D:2      | Starved to death

Action                   |  1- 3 |  4- 6 || total
-------------------------+-------+-------++-------
Melee: Spear             |    93 |    13 ||   106
  Use: Scroll            |       |     4 ||     4
  Eat: Chunk             |       |     1 ||     1
